 Dungeon Crawl Stone Soup version 0.27.1-33-g824d729ab1 (webtiles) character file.

Game seed: 7433640692129408616

81 ANNNA the Firebug (level 4, -6/24 HPs)
             Began as a Deep Elf Fire Elementalist on Nov 26, 2021.
             Killed by divine providence
             ... invoked by an orc priest
              (14 damage)
             ... on level 3 of the Dungeon.
             The game lasted 00:03:56 (1464 turns).

ANNNA the Firebug (Deep Elf Fire Elementalist)      Turns: 1464, Time: 00:03:56

Health: -6/24      AC:  6    Str:  6    XL:     4   Next: 20%
Magic:  6/12       EV: 13    Int: 20    God:
Gold:   85         SH:  0    Dex: 15    Spells: 1/11 levels left

rFire    . . .     SeeInvis .   g - +0 dagger
rCold    . . .     Faith    .   (no shield)
rNeg     . . .     Spirit   .   a - +0 robe
rPois    .         Reflect  .   (no helmet)
rElec    .         Harm     .   (no cloak)
rCorr    +         Rampage  .   (no gloves)
Will     .....                  (no boots)
Stlth    ++........             (no amulet)
HPRegen  0.08/turn              h - ring of resist corrosion
MPRegen  0.13/turn              k - +4 ring of protection

@: very slightly contaminated
A: no striking features
a: no special abilities


You were on level 3 of the Dungeon.
You visited 1 branch of the dungeon, and saw 3 of its levels.

You collected 85 gold pieces.

Inventory:

Hand Weapons
 g - a +0 dagger (weapon)
Missiles
 c - 69 stones
Armour
 a - a +0 robe (worn)
Jewellery
 h - a ring of resist corrosion (left hand)
 k - a +4 ring of protection (right hand)
Scrolls
 d - 3 scrolls of enchant armour {unknown}
 e - 3 scrolls of identify {unknown}
 i - 3 scrolls of noise {unknown}
Potions
 b - 2 potions of heal wounds {unknown}
 f - a potion of resistance {unknown}
 j - a potion of flight {unknown}
 l - a potion of curing {unknown}


   Skills:
 + Level 2.7 Dodging
 + Level 2.8 Stealth
 + Level 4.2 Spellcasting
 + Level 1.8 Conjurations
 + Level 4.4 Fire Magic


You had one spell level left.
You knew the following spells:

 Your Spells              Type           Power      Damage    Failure   Level
a - Foxfire               Conj/Fire      64%        2x1d7     3%          1
b - Conjure Flame         Conj/Fire      16%        6-21      11%         3
c - Inner Flame           Hex/Fire       13%        N/A       16%         3
d - Sandblast             Erth           8%         2d5       13%         1
e - Passwall              Tmut/Erth      3%         N/A       19%         2

Your spell library contained the following spells:

 Spells                   Type           Power      Damage    Failure   Level
 Sticky Flame             Conj/Fire      16%        2d4       34%         4
 Fireball                 Conj/Fire      8%         3d6       69%         5
 Lee's Rapid Deconstruct  Erth           2%         3d5*      98%         5


Dungeon Overview and Level Annotations

Branches:
Dungeon (2/15)

Altars:


Message History

The orc is filled with an inner flame.
An orc comes into view. It is wielding a +4 hand axe.
You feel yourself speed up.
The orc shouts!
Your magical contamination has completely faded away.
The orc closely misses you.
The orc priest calls down the wrath of Beogh upon you.
Pain shoots through your body!
A kobold comes into view. It is wielding a +0 whip.
The kobold moves out of view.
The orc priest looks satisfied for a moment.
Casting: Inner Flame (quite dangerous; 16% risk of failure)
Confirm with . or Enter, or press ? or * to list all spells.
Aiming: Passwall (safe; 19% risk of failure)
Press: ? - help, Dir - move target, p - orc A rock wall.
You miscast Passwall.
You are very lightly contaminated with residual magic.
Nothing appears to happen.
The orc priest mumbles some strange prayers to Beogh against you.
Beogh smites you!
Ouch! That really hurt!
Casting: Passwall (safe; 19% risk of failure)
Confirm with . or Enter, or press ? or * to list all spells.
Aiming: Passwall (safe; 19% risk of failure)
Press: ? - help, Dir - move target A rock wall.
You miscast Passwall.
Nothing appears to happen.
Casting: Passwall (safe; 19% risk of failure)
Confirm with . or Enter, or press ? or * to list all spells.
Aiming: Passwall (safe; 19% risk of failure)
Press: ? - help, Dir - move target A rock wall.
This rock feels extremely deep.
The orc priest hits the plant with a +0 war axe.
The plant begins to die.
The orc priest calls down the wrath of Beogh upon you.
Beogh smites you!
Ouch! That really hurt!
You die...

#..............'.....#.##
####...........##........
### #....#....#.##......##
... +....#....#.##........
...###....#....#.##########
.................#
.....#.#########.#
#+##.#.#################
#....#....ooo.o.@.......
♣♣.....##.♣♣P.##♣♣.♣####
♣♣.♣♣.PP≈§.♣.PP♣ .. #.
.♣♣♣♣.♣♣♣♣.... P♣ ##♣. ♣§§
.♣♣.♣ ♣ #. ...♣ . . ..
.♣.P♣ P♣ ♣. .♣ .♣♣ .


You could see an orc priest and 3 orcs.

Vanquished Creatures
  Jessica (D:2)
  2 adders (D:2)
  2 worms (D:2)
  A dart slug (D:2)
  4 ball pythons
  5 bats
  4 endoplasms
  A giant cockroach (D:2)
  3 goblins (D:1)
  A hobgoblin (D:1)
  3 kobolds (D:2)
  A quokka (D:1)
  A frilled lizard (D:2)
  3 rats
32 creatures vanquished.

Vanquished Creatures (others)
  87 foxfires
  A plant (D:3)
88 creatures vanquished.

Grand Total: 120 creatures vanquished

Notes
Turn   | Place    | Note
-------+----------+-------------------------------------------
     0 | D:1      | ANNNA the Deep Elf Fire Elementalist began the quest for
                  | the Orb.
     0 | D:1      | Reached XP level 1. HP: 10/10 MP: 6/6
   156 | D:1      | Reached XP level 2. HP: 15/15 MP: 5/8
   673 | D:2      | Reached XP level 3. HP: 19/19 MP: 6/10
   677 | D:2      | Learned a level 3 spell: Conjure Flame
   681 | D:2      | Learned a level 3 spell: Inner Flame
   713 | D:2      | Noticed Jessica
   735 | D:2      | Killed Jessica
  1120 | D:2      | Reached XP level 4. HP: 24/24 MP: 8/12
  1404 | D:2      | Learned a level 1 spell: Sandblast
  1407 | D:2      | Learned a level 2 spell: Passwall
  1416 | D:2      | You fall into a shaft and drop 1 floor!
  1464 | D:3      | Killed from afar by an orc priest

Illustrated notes

Levels and vault maps discovered:
D:1:      lightli_arrival_chessboard, layout_rooms, minmay_pentomino_o4
D:2:      minmay_kobold_bridge, layout_loops_ring, serial_shops,
          nicolae_shop_waterfront, uniq_jessica
D:3:      wad_woods_tower, layout_basic,
          hellmonk_ecumenical_altar_leap_of_faith, uniq_ijyb

Skill      XL: |  1  2  3 |
---------------+----------+-----
Spellcasting   | 4 |  4.2
Fire Magic     | 4 |  4.4
Dodging        | |  2.7
Stealth        | |  2.8
Conjurations   | |  1.8

Action                   |  1- 3 |  4- 6 || total
-------------------------+-------+-------++-------
Melee: Unarmed           |     1 |       ||     1
       Dagger            |     1 |     6 ||     7
 Cast: Foxfire           |    52 |     8 ||    60
       Inner Flame       |       |     1 ||     1
Armor: Robe              |     3 |     9 ||    12
Dodge: Dodged            |     6 |    13 ||    19
